 Dungeon Crawl Stone Soup version 0.30-a0-341-g682706514a (webtiles) character file.

Game seed: 16667714836255280548

553 sanka the Caller (level 6, -1/47 HPs)
             Began as a Demigod Summoner on Nov 4, 2022.
             Slain by an orc warrior
             ... wielding a +0 halberd
              (7 damage)
             ... on level 7 of the Dungeon.
             The game lasted 00:12:01 (4065 turns).

sanka the Caller (Demigod Summoner)                 Turns: 4065, Time: 00:12:03

Health: -1/47      AC:  3    Str:  4    XL:     6   Next: 80%
Magic:  11/13      EV: 12    Int: 25    God:
Gold:   141        SH:  0    Dex: 14    Spells: 1/11 levels left

rFire   + + .      SeeInvis .    s - +0 quarterstaff
rCold   + . .      Faith    .    (shield currently unavailable)
rNeg    . . .      Spirit   .    q - +1 robe of Indecent Exposure {rPois rF++ rC+ Str-5}
rPois   +          Reflect  .    (no helmet)
rElec   .          Harm     .    (no cloak)
rCorr   .          Rampage  .    (no gloves)
Will    +....                    (no boots)
Stlth   ++........               (no amulet)
HPRegen 0.27/turn                (no ring)
MPRegen 0.13/turn                t - ring of willpower

@: no status effects
A: high MP 1, forlorn, divine attributes
a: no special abilities


You were on level 7 of the Dungeon.
You visited 1 branch of the dungeon, and saw 5 of its levels.

You collected 141 gold pieces.


Innate Abilities, Weirdness & Mutations

You have an increased reservoir of magic. (+10% MP)
You shall have no god before yourself.
Your divine heritage dramatically boosts your attributes as you level up.


   Skills:
 - Level 1.2 Fighting
 - Level 2.3 Dodging
 - Level 1.7 Stealth
 - Level 3.0 Spellcasting
 - Level 7.0 Summonings
 + Level 0.1 Air Magic


You had one spell level left.
You knew the following spells:

 Your Spells              Type           Power      Damage    Failure   Level
c - Call Canine Familiar  Summ           38%        N/A       1%          3
x - Call Imp              Summ           38%        N/A       1%          2
z - Summon Small Mammal   Summ           100%       N/A       1%          1
Z - Summon Lightning Spi  Summ/Air       21%        N/A       22%         4

Your spell library contained the following spells:

 Spells                   Type           Power      Damage    Failure   Level
 Summon Guardian Golem    Hex/Summ       21%        N/A       7%          3
 Wereblood                Tmut           3%         N/A       16%         2
 Alistair's Intoxication  Tmut/Pois      2%         N/A       95%         5
 Eringya's Noxious Bog    Tmut/Pois      1%         N/A       100%        6
 Storm Form               Tmut/Air       2%         N/A       100%        7

Inventory:

Hand Weapons
 s - a +0 quarterstaff (weapon)
Armour
 a - a +0 robe
 q - the +1 robe of Indecent Exposure (worn) {rPois rF++ rC+ Str-5}

   Str:       It affects your strength (-5).
   rF:        It greatly protects you from fire.
   rC:        It protects you from cold.
   rPois:     It protects you from poison.
Jewellery
 t - a ring of willpower (right hand)
Scrolls
 c - a scroll of magic mapping {unknown}
 d - a scroll of torment {unknown}
 e - a scroll of enchant weapon {unknown}
 f - a scroll of enchant armour {unknown}
 h - 2 scrolls of amnesia {unknown}
 i - 4 scrolls of identify {unknown}
 j - 2 scrolls of teleportation {unknown}
 k - a scroll of brand weapon {unknown}
 l - a scroll of vulnerability {unknown}
 r - a scroll of poison {unknown}
Potions
 b - a potion of magic
 g - a potion of might {unknown}
 m - a potion of curing {unknown}
 n - 2 potions of resistance {unknown}
 o - 2 potions of flight {unknown}
 p - a potion of mutation {unknown}
 u - a potion of brilliance {unknown}

Dungeon Overview and Level Annotations

Branches:
Dungeon (4/15)
 Temple: D:4-7

Shops:
D:1 =*=([ D:2

? .. ▒.▒.▒.▒...........▒
... ▒.▒.▒.▒...........+
.... ▒.▒.▒.▒...........▒
..... ▒.▒.▒.▒...........▒
.....<▒▒▒.▒.▒.▒...........▒
....)o..).▒+▒'▒...........▒
......▒▒▒.)ho.............▒
....▒▒................ [..
▒.......op....... .
▒..........▒▒▒▒.▒
.............. ▒
....▒▒▒▒+▒.▒..▒▒ .....
▒.▒..▒ ..... ...... ▒▒▒.▒▒▒
..


You could see an orc warrior (ally target), an orc and a friendly wolf
(summoned).


Message History

Your wolf misses the orc warrior.
The orc warrior hits you with a +0 halberd!!
* * * LOW HITPOINT WARNING * * *
The orc warrior barely misses you.
Your wolf bites the orc warrior but does no damage.
Unknown command.
You barely miss the orc warrior.
The orc warrior is moderately wounded.
Your wolf closely misses the orc warrior.
The orc warrior misses you.
Your wolf closely misses the orc warrior.
Unknown command.
Unknown command.
You hit the orc warrior but do no damage.
The orc warrior is moderately wounded.
Your wolf bites the orc warrior but does no damage.
The orc warrior hits you with a +0 halberd!
* * * LOW HITPOINT WARNING * * *
Your wolf bites the orc warrior.
Unknown command.
Unknown command.
Okay, then.
The orc warrior attacks as you move away!
The orc warrior closely misses you. The orc attacks as you move away!
The orc hits you with a +0 club.
* * * LOW HITPOINT WARNING * * *
Your wolf bites the orc warrior.
The orc warrior hits you from afar with a +0 halberd!
You die...

Action                   |  1- 3 |  4- 6 || total
-------------------------+-------+-------++-------
Melee: Unarmed           |    98 |    29 ||   127
       Punch             |     1 |       ||     1
       Quarterstaff      |       |    18 ||    18
 Cast: Summon Small Mamm |    51 |     1 ||    52
       Call Imp          |    10 |    11 ||    21
       Call Canine Famil |     1 |     8 ||     9
 Stab: Sleeping          |     3 |     1 ||     4
Armor: Robe              |    28 |    15 ||    43
Dodge: Dodged            |    96 |    34 ||   130

Levels and vault maps discovered:
D:1:      psy_arrival_fountain, layout_basic, serial_shops, shop, shop,
          nicolae_shop_behind_doors, shop, nicolae_shop_hallway_plus
D:2:      layout_loops_corners, serial_shops, shop, st_stairs_9,
          mrwooster_statue_mirror, grunt_ministairs_1, grunt_decor_junction
D:3:      wad_crossroads, layout_basic, kennysheep_okawaru_gauntlet,
          lexackson_kobold_supper
D:4:      layout_basic, xom_butterflies, serial_rivers,
          chequers_serial_rivers_micro_b, chequers_serial_rivers_small_3,
          chequers_serial_rivers_micro_b, chequers_serial_rivers_small_3,
          st_stairs_4, kennysheep_big_empty_room, uniq_edmund
D:7:      layout_basic

Notes
Turn   | Place    | Note
-------+----------+-------------------------------------------
     0 | D:1      | sanka the Demigod Summoner began the quest for the Orb.
     0 | D:1      | Reached XP level 1. HP: 14/14 MP: 5/5
    24 | D:1      | Found Riloimei's Jewellery Emporium.
    88 | D:1      | Found Nuczur's Jewellery Boutique.
   116 | D:1      | Reached skill level 2 in Spellcasting
   149 | D:1      | Found Goedydd's Assorted Antiques.
   370 | D:1      | Reached skill level 4 in Summonings
   378 | D:1      | Reached XP level 2. HP: 20/20 MP: 4/7
   528 | D:1      | Learned a level 2 spell: Call Imp
   603 | D:1      | Found Nuinaud's Antique Weapon Shop.
   709 | D:1      | Found Zighiletz's Antique Armour Shop.
  1490 | D:2      | Reached XP level 3. HP: 26/26 MP: 4/8
  1556 | D:2      | Found Tiajuv's Magic Scroll Boutique.
  1586 | D:2      | Got Sif Muna's Folio of Transmigration
  1591 | D:2      | Learned a level 3 spell: Call Canine Familiar
  2442 | D:3      | Identified the +1 robe of Indecent Exposure {rPois rF++ rC+
                  | Str-5}
  2560 | D:3      | Reached skill level 5 in Summonings
  2772 | D:3      | Reached XP level 4. HP: 25/33 MP: 9/9
  3674 | D:4      | Noticed an ogre
  3688 | D:4      | Killed an ogre
  3689 | D:4      | Reached skill level 6 in Summonings
  3689 | D:4      | Reached XP level 5. HP: 38/38 MP: 3/10
  3811 | D:4      | Noticed a sky beast
  3836 | D:4      | Killed a sky beast
  3920 | D:7      | Noticed a black bear
  3927 | D:7      | Killed a black bear
  3928 | D:7      | Reached skill level 7 in Summonings
  3928 | D:7      | Reached skill level 2 in Dodging
  3928 | D:7      | Reached XP level 6. HP: 46/46 MP: 5/11
  4007 | D:7      | Reached skill level 3 in Spellcasting
  4007 | D:7      | Reached skill level 1 in Fighting
  4012 | D:7      | Learned a level 4 spell: Summon Lightning Spire
  4065 | D:7      | Slain by an orc warrior

Vanquished Creatures
  A hound (D:4)
  An orc (D:3)
  An endoplasm (D:3)
  A goblin (D:2)
  A hobgoblin (D:1)
  2 ball pythons (D:2)
  A bat (D:1)
  A frilled lizard (D:3)
  2 rats
11 creatures vanquished.

Vanquished Creatures (collateral kills)
  An ice beast (D:7)
  A sky beast (D:4)
  A black bear (D:7)
  An ogre (D:4)
  A scorpion (D:7)
  3 adders (D:3)
  A worm (D:3)
  2 dart slugs
  5 orcs
  3 bats
  5 endoplasms
  A giant cockroach (D:3)
  8 hobgoblins
  2 quokkas
  4 ball pythons
  5 frilled lizards
  7 goblins
  8 kobolds
  4 rats
  2 butterflies (D:4)
65 creatures vanquished.

Vanquished Creatures (others)
  13 plants (D:3)
13 creatures vanquished.

Grand Total: 89 creatures vanquished
